[Event "Chinese Championship-B Women 2024"]
[Site "Liaocheng"]
[Date "2024.04.24"]
[Round "5.11"]
[White "Ren, Xiaoyi"]
[Black "Pian, Junyao"]
[Result "1-0"]
[WhiteElo "2075"]
[BlackElo "1717"]
[PlyCount "55"]
[EventDate "2024.04.24"]
[EventType "swiss"]
[EventCountry "CHN"]
[TimeControl "5400+30"]

1. Nf3 Nf6 2. d4 d5 3. c4 c6 4. e3 e6 5. b3 Nbd7 6. Bb2 Bd6 7. Be2 Ne4 8. O-O O-O 9. Nbd2 Nxd2 10. Qxd2 Qf6 11. Rad1 Qh6 12. Ne5 f5 13. f4 Nf6 14. Rf3 Bxe5 15. dxe5 Ne4 16. Qe1 Qg6 17. Ba3 Rd8 18. Rh3 Qe8 19. Qh4 h6 20. Bh5 Qd7 21. Bg6 c5 22. Bxf5 g5 23. Qxh6 exf5 24. Rxd5 Qxd5 25. cxd5 Rxd5 26. Qg6+ Kf8 27. Rh8+ Ke7 28. Qe8# 1-0

[Event "Chinese Championship-B Women 2024"]
[Site "Liaocheng"]
[Date "2024.04.24"]
[Round "5.12"]
[White "Xu, Mingwei"]
[Black "Yu, Xilei"]
[Result "0-1"]
[WhiteElo "2037"]
[BlackElo "1676"]
[PlyCount "106"]
[EventDate "2024.04.24"]
[EventType "swiss"]
[EventCountry "CHN"]
[TimeControl "5400+30"]

1. e4 c5 2. Nf3 Nc6 3. Bb5 g6 4. O-O Bg7 5. c3 Nf6 6. e5 Nd5 7. d4 cxd4 8. cxd4 O-O 9. Nc3 Nc7 10. Be2 d6 11. Bf4 d5 12. Qd2 Bg4 13. h3 Bxf3 14. Bxf3 e6 15. Rac1 Rc8 16. Ne2 Na8 17. h4 Qa5 18. Nc3 Qb4 19. Rfd1 Nb6 20. b3 Rc7 21. Qd3 a6 22. Ne2 Rfc8 23. Bg5 Qa3 24. Qb1 Nb4 25. Rxc7 Rxc7 26. Bd8 Rc6 27. Rc1 Nc8 28. Rxc6 Nxc6 29. Bg5 N8a7 30. Bc1 Qb4 31. Bb2 Nb5 32. Qd1 Bh6 33. Qd3 Qe1+ 34. Kh2 Qxf2 35. Kh3 Be3 36. a4 Nbxd4 37. Bxd4 Bxd4 38. Nxd4 Qxd4 39. Qxd4 Nxd4 40. Bd1 Nc6 41. Kg4 Nxe5+ 42. Kf4 Nc6 43. h5 Kg7 44. hxg6 hxg6 45. Kg5 f6+ 46. Kf4 g5+ 47. Ke3 Kg6 48. g4 f5 49. gxf5+ Kxf5 50. Bc2+ Ke5 51. Bd1 d4+ 52. Kd3 Kd5 53. Bg4 Ne5+ 0-1

[Event "Chinese Championship-B Women 2024"]
[Site "Liaocheng"]
[Date "2024.04.24"]
[Round "5.13"]
[White "Du, Yuxin"]
[Black "Zhou, Lanqier"]
[Result "1/2-1/2"]
[WhiteElo "1960"]
[BlackElo "1654"]
[PlyCount "80"]
[EventDate "2024.04.24"]
[EventType "swiss"]
[EventCountry "CHN"]
[TimeControl "5400+30"]

1. e4 e5 2. Nf3 Nc6 3. Bb5 Nf6 4. O-O Nxe4 5. d4 Nd6 6. Bxc6 dxc6 7. dxe5 Nf5 8. Qxd8+ Kxd8 9. Nc3 Ne7 10. Be3 Ke8 11. h3 Nd5 12. Bd2 Nxc3 13. Bxc3 Bc5 14. Bd4 Be7 15. Be3 c5 16. Rfd1 Bf5 17. Ne1 h5 18. Rd2 Rd8 19. Rad1 Rxd2 20. Rxd2 g5 21. f3 g4 22. hxg4 hxg4 23. fxg4 Bxg4 24. Nd3 b6 25. c4 Rh5 26. Bf4 Bg5 27. g3 Bf3 28. Kf2 Bxf4 29. gxf4 Rh2+ 30. Ke3 Rxd2 31. Kxd2 Ke7 32. Ke3 Bg4 33. Nf2 Bf5 34. Ne4 a6 35. Nc3 Bg6 36. Nd5+ Kd7 37. Nf6+ Ke6 38. Nd5 Kd7 39. Nf6+ Ke6 40. Nd5 Kd7 1/2-1/2

[Event "Chinese Championship-B Women 2024"]
[Site "Liaocheng"]
[Date "2024.04.24"]
[Round "5.14"]
[White "Men, Jiayi"]
[Black "Meng, Wuyang"]
[Result "1-0"]
[WhiteElo "1845"]
[BlackElo "1652"]
[PlyCount "89"]
[EventDate "2024.04.24"]
[EventType "swiss"]
[EventCountry "CHN"]
[TimeControl "5400+30"]

1. Nf3 d5 2. g3 Nf6 3. Bg2 c6 4. d4 h6 5. O-O Bf5 6. c4 e6 7. Nc3 Bd6 8. Nd2 O-O 9. e4 dxe4 10. Ndxe4 Bxe4 11. Nxe4 e5 12. Nxd6 Qxd6 13. dxe5 Qxe5 14. Qb3 Qc7 15. Bf4 Qc8 16. Rad1 Na6 17. Qc3 Qf5 18. b4 Rad8 19. Be3 Rxd1 20. Rxd1 Qh5 21. f3 b6 22. Qa3 Qe5 23. Bf2 Qe2 24. Re1 Qxc4 25. Bf1 Qxb4 26. Qxa6 Nd5 27. Qxa7 Qc3 28. Qd7 Nb4 29. Re8 Qf6 30. Rxf8+ Kxf8 31. Bd4 Qg5 32. f4 Qd5 33. Qxd5 Nxd5 34. Bc4 b5 35. Bxd5 cxd5 36. Kf2 g6 37. Bc5+ Ke8 38. Ke3 Kd7 39. Kd4 Ke6 40. Bf8 h5 41. Kc5 Kf5 42. Kxb5 Ke4 43. a4 d4 44. a5 d3 45. Bb4 1-0

[Event "Chinese Championship-B Women 2024"]
[Site "Liaocheng"]
[Date "2024.04.24"]
[Round "5.15"]
[White "Shi Shuhua"]
[Black "Li, Peishan"]
[Result "0-1"]
[WhiteElo "1840"]
[BlackElo "1647"]
[PlyCount "136"]
[EventDate "2024.04.24"]
[EventType "swiss"]
[EventCountry "CHN"]
[TimeControl "5400+30"]

1. d4 Nf6 2. c4 e6 3. g3 d5 4. Bg2 b6 5. cxd5 exd5 6. Nf3 Bb7 7. O-O Be7 8. Nc3 O-O 9. Bf4 Nbd7 10. Nb5 c5 11. Rc1 Ne4 12. dxc5 Ndxc5 13. b4 Ne6 14. Nc7 Nxf4 15. Nxa8 Ne6 16. Nxb6 Qxb6 17. a3 Bf6 18. Qd3 Rd8 19. Rc2 Ba6 20. Qb3 Bc4 21. Rxc4 dxc4 22. Qxc4 Nd6 23. Qa2 Nb5 24. e4 Nc3 25. Qc4 Qb5 26. Qxb5 Nxb5 27. e5 Be7 28. Ra1 Nc3 29. h3 Kf8 30. Bf1 Rd1 31. Rxd1 Nxd1 32. Nd2 Nd4 33. f4 Nb2 34. Kf2 g5 35. Nb1 gxf4 36. gxf4 Bh4+ 37. Ke3 Nf5+ 38. Kf3 Bd8 39. Ba6 Bb6 40. Ke4 Ne3 41. Nc3 Nbd1 42. Nxd1 Nxd1 43. h4 Ne3 44. Bd3 h6 45. a4 Nd1 46. Bc2 Nc3+ 47. Kf3 Nd5 48. b5 Bd8 49. h5 Nc3 50. Ke3 Bb6+ 51. Kf3 f6 52. e6 Ke7 53. f5 Kd6 54. Bb3 Bc5 55. Bc2 Ke5 56. Kg4 Kd4 57. Bb3 Kd3 58. Kf3 Kd2 59. Kf4 Kc1 60. e7 Bxe7 61. Ke3 Kb2 62. Bc4 Bc5+ 63. Kd3 Nxa4 64. Bf7 Nb6 65. Ke4 Kc3 66. Be8 Kc4 67. Kf3 Kd3 68. Bf7 Nc8 0-1

[Event "Chinese Championship-B Women 2024"]
[Site "Liaocheng"]
[Date "2024.04.24"]
[Round "6.1"]
[White "Wang, Chuqiao"]
[Black "Wang, Xiaoyan"]
[Result "1-0"]
[WhiteElo "2302"]
[BlackElo "1932"]
[PlyCount "145"]
[EventDate "2024.04.24"]
[EventType "swiss"]
[EventCountry "CHN"]
[TimeControl "5400+30"]

1. d4 Nf6 2. c4 g6 3. g3 Bg7 4. Bg2 d6 5. Nf3 O-O 6. O-O Nc6 7. Nc3 a6 8. Bf4 Rb8 9. Rc1 Nh5 10. Be3 e5 11. b3 Re8 12. dxe5 Nxe5 13. Nxe5 Bxe5 14. Ba7 Ra8 15. Bd4 c6 16. Bxe5 dxe5 17. Qxd8 Rxd8 18. Rfd1 Be6 19. Na4 Rxd1+ 20. Rxd1 Rb8 21. Nc5 Nf6 22. Rd6 Ne8 23. Rd3 Nc7 24. h4 Kf8 25. Re3 b6 26. Nxe6+ Nxe6 27. Bxc6 Nd4 28. Bd5 f6 29. Kf1 a5 30. Rc3 Rc8 31. e3 Nb5 32. Rd3 Nd6 33. Ke2 Ke7 34. Rd1 Rc5 35. a3 Rc7 36. Rc1 f5 37. f3 Ne8 38. e4 Nf6 39. Rb1 Kd6 40. Kd3 Nh5 41. Rg1 Rd7 42. Kc3 Ra7 43. Kd2 f4 44. g4 Ng3 45. Rd1 g5 46. h5 Kc5 47. Ke1 Rd7 48. h6 Rd6 49. Bb7 Rxd1+ 50. Kxd1 Kd4 51. Kd2 Nf1+ 52. Ke2 Ne3 53. Bd5 Kc3 54. Bg8 Nc2 55. Bxh7 Nd4+ 56. Kd1 Ne6 57. Bg8 Nf8 58. Ke2 Ng6 59. h7 Nh8 60. Kd1 Ng6 61. Kc1 Nh8 62. Kb1 Ng6 63. Ka2 Nh8 64. Be6 Ng6 65. Bf7 Nh8 66. Be8 Kd4 67. Kb2 Ke3 68. b4 Kxf3 69. c5 bxc5 70. bxc5 Kxe4 71. c6 f3 72. c7 f2 73. Bb5 1-0

[Event "Chinese Championship-B Women 2024"]
[Site "Liaocheng"]
[Date "2024.04.24"]
[Round "6.2"]
[White "Yang, Yijing"]
[Black "Xue, Shixuan"]
[Result "1/2-1/2"]
[WhiteElo "2040"]
[BlackElo "1790"]
[PlyCount "134"]
[EventDate "2024.04.24"]
[EventType "swiss"]
[EventCountry "CHN"]
[TimeControl "5400+30"]

1. d4 Nf6 2. c4 e6 3. Nf3 b6 4. g3 Bb7 5. Bg2 Bb4+ 6. Bd2 Bxd2+ 7. Qxd2 O-O 8. O-O d6 9. Nc3 Nbd7 10. Rad1 Ne4 11. Qc2 f5 12. d5 Nxc3 13. Qxc3 e5 14. Nd2 a5 15. f4 Qe7 16. e4 fxe4 17. Nxe4 exf4 18. gxf4 h6 19. Rde1 Qh4 20. Qg3 Qxg3 21. hxg3 Ba6 22. Bh3 Rad8 23. b3 a4 24. Be6+ Kh7 25. g4 b5 26. Bxd7 Rxd7 27. c5 dxc5 28. Nxc5 Rd6 29. Re6 Bc8 30. Rxd6 cxd6 31. Ne6 Rf6 32. f5 Bb7 33. Nf4 axb3 34. axb3 Rf8 35. Re1 Rf7 36. Re8 h5 37. Ne6 Bxd5 38. Ng5+ Kh6 39. Nxf7+ Bxf7 40. Rd8 hxg4 41. Rxd6+ Kg5 42. b4 Kxf5 43. Rd7 Kf6 44. Kf2 Bc4 45. Kg3 Ke5 46. Rd8 Be6 47. Rb8 Bd7 48. Rg8 Kf6 49. Kf4 g6 50. Rf8+ Ke7 51. Rg8 Kd6 52. Rxg6+ Kd5 53. Rg7 Be6 54. Rc7 Kd4 55. Rc1 Kd3 56. Re1 Bc4 57. Kxg4 Kc3 58. Rb1 Bb3 59. Kf4 Kxb4 60. Ke3 Kc3 61. Rc1+ Bc2 62. Rg1 b4 63. Rg7 b3 64. Rc7+ Kb2 65. Kd2 Bb1 66. Rb7 Bc2 67. Rxb3+ Bxb3 1/2-1/2

[Event "Chinese Championship-B Women 2024"]
[Site "Liaocheng"]
[Date "2024.04.24"]
[Round "6.3"]
[White "Jiang, Tianyu"]
[Black "Sun, Jihan"]
[Result "1-0"]
[WhiteElo "1929"]
[BlackElo "1781"]
[PlyCount "111"]
[EventDate "2024.04.24"]
[EventType "swiss"]
[EventCountry "CHN"]
[TimeControl "5400+30"]

1. e4 c5 2. Nf3 Nc6 3. Bb5 g6 4. Bxc6 dxc6 5. d3 Bg7 6. h3 Nf6 7. Nc3 Nd7 8. Be3 e5 9. Qd2 Qe7 10. Bh6 f6 11. Bxg7 Qxg7 12. Qe3 b6 13. a4 a5 14. Nd2 Ba6 15. Ne2 Nf8 16. f4 Ne6 17. fxe5 fxe5 18. O-O O-O-O 19. Qg3 Rhf8 20. Qg4 Kd7 21. Nf3 Bc8 22. Qg3 Kd6 23. Nd2 Ba6 24. Nf3 Bc8 25. Rae1 Nf4 26. Nd2 Nxe2+ 27. Rxe2 Rxf1+ 28. Kxf1 Rf8+ 29. Kg1 Be6 30. Re3 Qf6 31. Rf3 Qg7 32. Qg5 h6 33. Qg3 Rxf3 34. Nxf3 Qf6 35. c3 Qf4 36. Qxg6 Qe3+ 37. Kh1 Qxd3 38. Qxh6 Qb1+ 39. Kh2 Qxe4 40. Qf8+ Kd7 41. Qg7+ Kd6 42. Qf8+ Kd7 43. Ng5 Qf4+ 44. Qxf4 exf4 45. Nxe6 Kxe6 46. g4 b5 47. h4 Ke5 48. g5 c4 49. g6 Kf6 50. h5 b4 51. Kg2 c5 52. Kf3 b3 53. Kxf4 Kg7 54. Kg5 Kg8 55. h6 Kf8 56. Kf6 1-0

[Event "Chinese Championship-B Women 2024"]
[Site "Liaocheng"]
[Date "2024.04.24"]
[Round "6.4"]
[White "Zhou, Shumeng"]
[Black "Zhao, Chenyu"]
[Result "1-0"]
[WhiteElo "1800"]
[BlackElo "1909"]
[PlyCount "75"]
[EventDate "2024.04.24"]
[EventType "swiss"]
[EventCountry "CHN"]
[TimeControl "5400+30"]

1. e4 c5 2. Nf3 d6 3. d4 cxd4 4. Nxd4 Nf6 5. Nc3 Nc6 6. Bg5 e6 7. Qd2 a6 8. O-O-O Bd7 9. f4 b5 10. Nf3 b4 11. Bxf6 Qxf6 12. Ne2 Qd8 13. Ned4 Qb6 14. Kb1 Be7 15. g4 O-O 16. g5 Qc5 17. h4 Rfc8 18. Nb3 Qb6 19. h5 a5 20. g6 a4 21. Nc1 b3 22. cxb3 axb3 23. a3 fxg6 24. hxg6 h6 25. f5 Na5 26. Qd4 Qc6 27. Bd3 Qb7 28. Qe3 Bf6 29. e5 dxe5 30. Nxe5 Bb5 31. Ng4 Bg5 32. Qxe6+ Kh8 33. Bxb5 Qxb5 34. Nxh6 Rxc1+ 35. Rxc1 gxh6 36. Rxh6+ Bxh6 37. Qf6+ Bg7 38. Rh1+ 1-0

[Event "Chinese Championship-B Women 2024"]
[Site "Liaocheng"]
[Date "2024.04.24"]
[Round "6.5"]
[White "Shao, Qiyu"]
[Black "Cui, Wen"]
[Result "1-0"]
[WhiteElo "1764"]
[BlackElo "1825"]
[PlyCount "71"]
[EventDate "2024.04.24"]
[EventType "swiss"]
[EventCountry "CHN"]
[TimeControl "5400+30"]

1. c4 e5 2. Nc3 Nf6 3. g3 d5 4. cxd5 Nxd5 5. Bg2 Nb6 6. Nf3 Nc6 7. d3 Be7 8. O-O O-O 9. a4 a5 10. Be3 Re8 11. Rc1 Bf8 12. d4 Nc4 13. Bg5 f6 14. Qb3 exd4 15. Nxd4 Nxd4 16. Qxc4+ Be6 17. Bd5 fxg5 18. Qxd4 Bxd5 19. Qxd5+ Qxd5 20. Nxd5 Rxe2 21. Nxc7 Rd8 22. b3 Bd6 23. Nb5 Bb4 24. Rc7 b6 25. Rb7 Bc5 26. Nc3 Re6 27. Kg2 h6 28. Rd1 Rf8 29. f3 g4 30. fxg4 Rf2+ 31. Kh3 Re3 32. Rd8+ Rf8 33. Rdd7 Rf1 34. Rxg7+ Kf8 35. Nd5 Rxb3 36. Rgc7 1-0

[Event "Chinese Championship-B Women 2024"]
[Site "Liaocheng"]
[Date "2024.04.24"]
[Round "6.6"]
[White "Yu, Xilei"]
[Black "Hu, Yu A."]
[Result "0-1"]
[WhiteElo "1676"]
[BlackElo "2148"]
[PlyCount "90"]
[EventDate "2024.04.24"]
[EventType "swiss"]
[EventCountry "CHN"]
[TimeControl "5400+30"]

1. d4 d5 2. Nf3 Nf6 3. Bf4 e6 4. e3 Bd6 5. Bxd6 Qxd6 6. c3 O-O 7. Bd3 Nbd7 8. Nbd2 e5 9. dxe5 Nxe5 10. Nxe5 Qxe5 11. h3 c5 12. O-O b6 13. Nf3 Qe7 14. Qe2 Bb7 15. Ba6 Rad8 16. Bxb7 Qxb7 17. Rad1 c4 18. Nd4 b5 19. Qf3 Ne4 20. Nf5 g6 21. Ng3 f5 22. Nxe4 dxe4 23. Qf4 Rd3 24. Qe5 Qd7 25. Rxd3 cxd3 26. Rd1 Re8 27. Qc5 Rc8 28. Qe5 a6 29. a3 Rd8 30. Rd2 Qd6 31. Qxd6 Rxd6 32. Kf1 Kf7 33. f4 Ke6 34. Ke1 Kd5 35. h4 Kc4 36. Kd1 Kb3 37. Kc1 a5 38. Kb1 h6 39. Ka1 g5 40. hxg5 hxg5 41. fxg5 f4 42. exf4 e3 43. Rd1 e2 44. Re1 d2 45. Rxe2 d1=Q# 0-1

[Event "Chinese Championship-B Women 2024"]
[Site "Liaocheng"]
[Date "2024.04.24"]
[Round "6.7"]
[White "Li, Hanyu(Bj)"]
[Black "Ren, Xiaoyi"]
[Result "0-1"]
[WhiteElo "1553"]
[BlackElo "2075"]
[PlyCount "98"]
[EventDate "2024.04.24"]
[EventType "swiss"]
[EventCountry "CHN"]
[TimeControl "5400+30"]

1. d4 Nf6 2. c4 g6 3. Nc3 d5 4. cxd5 Nxd5 5. e4 Nxc3 6. bxc3 Bg7 7. Bc4 c5 8. Ne2 Nc6 9. Be3 O-O 10. O-O Na5 11. Bd3 c4 12. Bc2 Nc6 13. Rb1 b6 14. Ng3 e6 15. Qe2 Ba6 16. Ba4 Rc8 17. Rfd1 Qd6 18. Bc1 Ne7 19. Bb5 Bxb5 20. Rxb5 a6 21. Rb1 f5 22. e5 Qc6 23. Ba3 Rf7 24. Bxe7 Rxe7 25. f3 b5 26. Nf1 Rb7 27. Ne3 Bh6 28. Nc2 a5 29. a3 Bf8 30. Qd2 Rcb8 31. h4 Be7 32. Qe1 Kh8 33. Kh2 g5 34. h5 Rg8 35. Qg3 Qe8 36. d5 g4 37. Kg1 Qxh5 38. Qh2 Bh4 39. Kh1 gxf3 40. Ne1 fxg2+ 41. Nxg2 Rxg2 42. Qxg2 Rg7 43. Qxg7+ Kxg7 44. Rg1+ Kf7 45. Rg2 exd5 46. Kg1 f4 47. Rbb2 Qd1+ 48. Kh2 Bg3+ 49. Kh3 Qh5# 0-1

[Event "Chinese Championship-B Women 2024"]
[Site "Liaocheng"]
[Date "2024.04.24"]
[Round "6.8"]
[White "Zhao, Yunqing"]
[Black "Mu, Wangxueyao"]
[Result "1-0"]
[WhiteElo "1965"]
[BlackElo "1738"]
[PlyCount "103"]
[EventDate "2024.04.24"]
[EventType "swiss"]
[EventCountry "CHN"]
[TimeControl "5400+30"]

1. d4 d5 2. Nf3 Nf6 3. c4 e6 4. g3 c5 5. Bg2 Nc6 6. O-O Be7 7. cxd5 exd5 8. dxc5 Bxc5 9. Nc3 O-O 10. Bg5 d4 11. Bxf6 Qxf6 12. Nd5 Qd8 13. Nd2 Bg4 14. Nb3 Bb6 15. Re1 Be6 16. Nf4 Rc8 17. Nxe6 fxe6 18. Bxc6 Rxc6 19. Qd3 Qd5 20. Rec1 Rfc8 21. f3 Qf5 22. Rxc6 Rxc6 23. Rc1 Qxd3 24. exd3 Rxc1+ 25. Nxc1 e5 26. Kg2 Kf7 27. f4 Ke6 28. Kf3 Kd5 29. f5 h5 30. Nb3 Bd8 31. Nd2 b5 32. Ne4 a5 33. g4 hxg4+ 34. Kxg4 a4 35. Kh5 b4 36. b3 axb3 37. axb3 Be7 38. Kg6 Bf6 39. h4 Bxh4 40. Kxg7 Bd8 41. f6 Ke6 42. f7 Be7 43. f8=Q Bxf8+ 44. Kxf8 Kf5 45. Ke7 Kf4 46. Kd6 Ke3 47. Nc5 e4 48. dxe4 d3 49. Nxd3 Kxd3 50. e5 Kc3 51. e6 Kxb3 52. e7 1-0

[Event "Chinese Championship-B Women 2024"]
[Site "Liaocheng"]
[Date "2024.04.24"]
[Round "6.9"]
[White "Guo, Weibao"]
[Black "Wang, Yi(Bj)"]
[Result "1/2-1/2"]
[WhiteElo "1954"]
[BlackElo "1782"]
[PlyCount "60"]
[EventDate "2024.04.24"]
[EventType "swiss"]
[EventCountry "CHN"]
[TimeControl "5400+30"]

1. d4 d5 2. c4 c6 3. cxd5 cxd5 4. Nc3 Nf6 5. Bf4 Nc6 6. e3 a6 7. Bd3 Bg4 8. Nge2 e6 9. f3 Bh5 10. O-O Bd6 11. Rc1 O-O 12. Na4 Bg6 13. Nc5 Bxc5 14. Rxc5 Nh5 15. Bg3 Nxg3 16. Nxg3 Qd6 17. Bxg6 hxg6 18. Qd3 Rfc8 19. Rfc1 Ne7 20. Rxc8+ Rxc8 21. Rxc8+ Nxc8 22. Qc3 Ne7 23. Nf1 Qc6 24. Qxc6 Nxc6 25. Nd2 Kf8 26. Kf2 Ke7 27. Ke2 Kd6 28. a3 g5 29. g3 b6 30. Kd3 f6 1/2-1/2

[Event "Chinese Championship-B Women 2024"]
[Site "Liaocheng"]
[Date "2024.04.24"]
[Round "6.10"]
[White "Li, Peishan"]
[Black "Men, Jiayi"]
[Result "1/2-1/2"]
[WhiteElo "1647"]
[BlackElo "1845"]
[PlyCount "60"]
[EventDate "2024.04.24"]
[EventType "swiss"]
[EventCountry "CHN"]
[TimeControl "5400+30"]

1. e4 d6 2. d4 Nf6 3. Nc3 g6 4. Nf3 Bg7 5. Be2 c6 6. a4 O-O 7. O-O Bg4 8. Be3 Bxf3 9. Bxf3 e5 10. dxe5 dxe5 11. Bc5 Re8 12. Qe2 Nbd7 13. Rfd1 Qc8 14. Bd6 Bf8 15. g3 Re6 16. Bxf8 Qxf8 17. Bg4 Rd6 18. Rxd6 Qxd6 19. Rd1 Qe7 20. Bh3 Nc5 21. Qc4 a5 22. b4 axb4 23. Qxb4 Kf8 24. Qc4 Na6 25. Qb3 Nc5 26. Qc4 Na6 27. Qb3 Nc5 28. Qc4 Na6 29. Qb3 Nc5 30. Qc4 Na6 1/2-1/2

[Event "Chinese Championship-B Women 2024"]
[Site "Liaocheng"]
[Date "2024.04.24"]
[Round "6.11"]
[White "Chu, Ruotong"]
[Black "Wu, Yiting"]
[Result "1-0"]
[WhiteElo "2124"]
[BlackElo "1721"]
[PlyCount "103"]
[EventDate "2024.04.24"]
[EventType "swiss"]
[EventCountry "CHN"]
[TimeControl "5400+30"]

1. d4 d5 2. c4 e6 3. Nf3 Nf6 4. g3 Be7 5. Bg2 O-O 6. O-O c6 7. Nc3 Nbd7 8. Qd3 b6 9. e4 dxe4 10. Nxe4 Bb7 11. Nxf6+ Nxf6 12. Ne5 Qc7 13. Qf3 Rac8 14. Bf4 Bd6 15. b4 Nd7 16. Nxd7 Qxd7 17. c5 Bxf4 18. Qxf4 Ba6 19. Rfc1 Rfd8 20. cxb6 axb6 21. a4 h6 22. Rab1 Qxd4 23. Qxd4 Rxd4 24. Rxc6 Rxc6 25. Bxc6 Bc4 26. a5 bxa5 27. bxa5 Bd5 28. Bxd5 Rxd5 29. Ra1 Rd7 30. Kg2 Kf8 31. Kf3 Ke7 32. Ke4 f5+ 33. Ke3 e5 34. a6 Ra7 35. f4 exf4+ 36. Kxf4 Ke6 37. Ra5 g6 38. Ke3 Kd6 39. Kd4 Kc6 40. Ke5 h5 41. Kf6 h4 42. Kxg6 hxg3 43. hxg3 Kd7 44. Kxf5 Ke7 45. Ke5 Kd7 46. Ra3 Ke7 47. g4 Kd7 48. Kd5 Kc7 49. g5 Ra8 50. a7 Kd7 51. g6 Kc7 52. Ke6 1-0

[Event "Chinese Championship-B Women 2024"]
[Site "Liaocheng"]
[Date "2024.04.24"]
[Round "6.12"]
[White "Ji, Yueran"]
[Black "Du, Yuxin"]
[Result "0-1"]
[WhiteElo "1660"]
[BlackElo "1960"]
[PlyCount "134"]
[EventDate "2024.04.24"]
[EventType "swiss"]
[EventCountry "CHN"]
[TimeControl "5400+30"]

1. e4 c6 2. d4 d5 3. exd5 cxd5 4. c4 Nf6 5. Nc3 e6 6. Nf3 Nc6 7. c5 Ne4 8. Bb5 Nxc3 9. bxc3 Bd7 10. O-O Be7 11. Bf4 O-O 12. Re1 b6 13. Bxc6 Bxc6 14. Ne5 Be8 15. c6 Bd6 16. Qg4 Qc7 17. Re3 Bxc6 18. Bh6 f5 19. Qxg7+ Qxg7 20. Bxg7 Kxg7 21. Nxc6 Rfc8 22. Ne5 f4 23. Rf3 Bxe5 24. dxe5 Rc4 25. g3 Rf8 26. Kf1 Kg6 27. Rd1 Kf5 28. Rd4 Rxd4 29. cxd4 Ke4 30. Ke2 Kxd4 31. gxf4 Rf5 32. Ra3 Rxf4 33. Rxa7 Kxe5 34. Rxh7 Ra4 35. h4 Rxa2+ 36. Kf3 b5 37. Rb7 Ra4 38. h5 Rh4 39. Rxb5 Rxh5 40. Rb4 Rh3+ 41. Ke2 Ra3 42. Rh4 Kd6 43. Rh6 d4 44. f4 Kd5 45. Rf6 Re3+ 46. Kd2 Rh3 47. Rg6 Rf3 48. Rg4 Kc4 49. Rg6 Rf2+ 50. Ke1 Rxf4 51. Rxe6 Kd3 52. Rh6 Rf3 53. Rh8 Re3+ 54. Kd1 Rg3 55. Ke1 Kc2 56. Rh2+ Kc3 57. Rh8 Rg1+ 58. Kf2 Ra1 59. Rc8+ Kd2 60. Kf3 d3 61. Rh8 Rf1+ 62. Kg2 Rf5 63. Kg3 Kc2 64. Rc8+ Kd1 65. Kg4 Rf1 66. Rd8 d2 67. Rc8 Ke2 0-1

[Event "Chinese Championship-B Women 2024"]
[Site "Liaocheng"]
[Date "2024.04.24"]
[Round "6.13"]
[White "Zhou, Lanqier"]
[Black "Gao, Muziyan"]
[Result "1/2-1/2"]
[WhiteElo "1654"]
[BlackElo "1891"]
[PlyCount "213"]
[EventDate "2024.04.24"]
[EventType "swiss"]
[EventCountry "CHN"]
[TimeControl "5400+30"]

1. d4 Nf6 2. c4 e6 3. Nf3 d5 4. Nc3 Bb4 5. Bg5 h6 6. Bxf6 Qxf6 7. e3 O-O 8. Rc1 dxc4 9. Bxc4 c5 10. O-O cxd4 11. Nxd4 Rd8 12. Qe2 Bd7 13. Ne4 Qh4 14. Ng3 Nc6 15. Nf3 Qe7 16. Rfd1 Be8 17. Rxd8 Rxd8 18. Rd1 Rxd1+ 19. Qxd1 Qc5 20. Bf1 Qa5 21. Qb3 Qc7 22. Nd4 Be7 23. Nxc6 Bxc6 24. Ne2 Bd6 25. h3 Bh2+ 26. Kh1 Be5 27. Nc3 Qd7 28. Qd1 Qe7 29. Qc2 h5 30. Bd3 Qb4 31. Kg1 Bc7 32. Qe2 Qd6 33. f4 e5 34. Nb5 Bxb5 35. Bxb5 exf4 36. exf4 Qxf4 37. Bd3 g6 38. b3 h4 39. Qf3 Qh2+ 40. Kf1 Bg3 41. Qe3 Bf4 42. Qf2 b6 43. a4 Kg7 44. Bc4 f6 45. Bd3 Bd6 46. Qf3 Bc5 47. Ke2 Qe5+ 48. Qe4 Qb2+ 49. Bc2 f5 50. Qd3 Qe5+ 51. Kf1 Bb4 52. Qe2 Qh2 53. Qf2 Bc5 54. Qf3 Qg1+ 55. Ke2 Bb4 56. Qf1 Qd4 57. Qd1 Qe5+ 58. Kf1 Bc5 59. Qe2 Qd4 60. Qf3 Qd2 61. Qe2 Qd4 62. Qf3 Qg1+ 63. Ke2 Bb4 64. Qf1 Qd4 65. Qd1 Qf4 66. Qd3 Qe5+ 67. Qe3 Qa1 68. Bd1 Qb2+ 69. Kf1 Bc5 70. Qe2 Qd4 71. Qf3 a5 72. Ke1 Qe5+ 73. Kf1 Qd4 74. Ke1 Bb4+ 75. Kf1 Bd6 76. Bc2 Qd2 77. Qd1 Qf4+ 78. Qf3 Qd4 79. Qd3 Qc5 80. Bd1 Bh2 81. Qf3 Qg1+ 82. Ke2 Bg3 83. Qf1 Qc5 84. Qf3 Qb4 85. Kd3 Qe1 86. Qe2 Qb4 87. Qf3 Bf4 88. Ke2 Bg3 89. Kd3 b5 90. Qb7+ Kh6 91. axb5 Be1 92. Qf3 Qd2+ 93. Kc4 Bf2 94. Qd3 Qb4+ 95. Kd5 Qc5+ 96. Ke6 Bg3 97. Bf3 Qe5+ 98. Kd7 Qc7+ 99. Ke6 Qe5+ 100. Kd7 Qc7+ 101. Ke6 Qe5+ 102. Kd7 Qc7+ 103. Ke6 Qe5+ 104. Kd7 Qc7+ 105. Ke6 Qe5+ 106. Kd7 Qc7+ 107. Ke6 1/2-1/2

[Event "Chinese Championship-B Women 2024"]
[Site "Liaocheng"]
[Date "2024.04.24"]
[Round "6.14"]
[White "Liu, Youyin"]
[Black "Liu, Tian Yi"]
[Result "1/2-1/2"]
[WhiteElo "1840"]
[BlackElo "1636"]
[PlyCount "55"]
[EventDate "2024.04.24"]
[EventType "swiss"]
[EventCountry "CHN"]
[TimeControl "5400+30"]

1. e4 c6 2. d4 d5 3. e5 c5 4. c3 Nc6 5. Na3 cxd4 6. cxd4 Qb6 7. Bb5 Bd7 8. Bxc6 bxc6 9. Ne2 e6 10. Nc2 c5 11. O-O Ne7 12. b3 Nc6 13. Re1 cxd4 14. Nexd4 Nxd4 15. Qxd4 Qxd4 16. Nxd4 Bb4 17. Rd1 Ke7 18. a4 f6 19. f4 a6 20. Ba3 Bxa3 21. Rxa3 Rhc8 22. Ra2 fxe5 23. fxe5 Rc3 24. Rc2 Re3 25. Re2 Rc3 26. Rc2 Re3 27. Re2 Rc3 28. Rc2 1/2-1/2

[Event "Chinese Championship-B Women 2024"]
[Site "Liaocheng"]
[Date "2024.04.24"]
[Round "6.15"]
[White "Zhu, Zile"]
[Black "Yang, Shufan"]
[Result "1-0"]
[WhiteElo "1819"]
[BlackElo "1627"]
[PlyCount "83"]
[EventDate "2024.04.24"]
[EventType "swiss"]
[EventCountry "CHN"]
[TimeControl "5400+30"]

1. d4 Nf6 2. Bf4 g6 3. Nc3 Bg7 4. e4 d6 5. Qd2 Nbd7 6. Bh6 O-O 7. O-O-O c6 8. f3 e5 9. Nge2 a6 10. Bxg7 Kxg7 11. g4 b5 12. h4 b4 13. Na4 Qa5 14. b3 Nb6 15. Nxb6 Qxb6 16. h5 Ra7 17. h6+ Kg8 18. Qg5 Nd7 19. dxe5 Qa5 20. Rxd6 Qxe5 21. Qxe5 Nxe5 22. Bg2 Rc7 23. g5 Nd7 24. Bh3 Nb8 25. Bxc8 Rcxc8 26. f4 Rfe8 27. e5 c5 28. Rhd1 Kh8 29. Ng3 c4 30. bxc4 Rxc4 31. Rd8 Rc8 32. Rxe8+ Rxe8 33. Ne4 Rf8 34. Rd6 a5 35. Kb2 Rc8 36. Rb6 Rd8 37. Rb7 Rf8 38. e6 Nc6 39. Rxf7 Rxf7 40. exf7 Ne7 41. f8=Q+ Ng8 42. Qg7# 1-0

[Event "Chinese Championship-B Women 2024"]
[Site "Liaocheng"]
[Date "2024.04.24"]
[Round "7.1"]
[White "Jiang, Tianyu"]
[Black "Wang, Chuqiao"]
[Result "1/2-1/2"]
[WhiteElo "1929"]
[BlackElo "2302"]
[PlyCount "67"]
[EventDate "2024.04.24"]
[EventType "swiss"]
[EventCountry "CHN"]
[TimeControl "5400+30"]

1. e4 e5 2. Nf3 Nc6 3. Nc3 Nf6 4. d4 exd4 5. Nxd4 Bb4 6. Nxc6 bxc6 7. Bd3 d5 8. exd5 O-O 9. O-O cxd5 10. Bg5 c6 11. Qf3 Bd6 12. Rae1 Rb8 13. Nd1 h6 14. Bxf6 Qxf6 15. Qxf6 gxf6 16. b3 f5 17. Ne3 f4 18. Nf5 Bxf5 19. Bxf5 Kg7 20. g3 Kf6 21. Bd3 h5 22. Kg2 Rh8 23. Kf3 fxg3 24. hxg3 h4 25. gxh4 Rxh4 26. Rh1 Rxh1 27. Rxh1 Rb4 28. Rh6+ Ke7 29. c4 a5 30. c5 Bxc5 31. Rxc6 Bb6 32. Ke2 Kd7 33. Rf6 Ke7 34. Rc6 1/2-1/2

[Event "Chinese Championship-B Women 2024"]
[Site "Liaocheng"]
[Date "2024.04.24"]
[Round "7.2"]
[White "Zhou, Shumeng"]
[Black "Shao, Qiyu"]
[Result "1-0"]
[WhiteElo "1800"]
[BlackElo "1764"]
[PlyCount "115"]
[EventDate "2024.04.24"]
[EventType "swiss"]
[EventCountry "CHN"]
[TimeControl "5400+30"]

1. e4 c5 2. Nf3 a6 3. b3 e6 4. Bb2 Nc6 5. c4 d5 6. exd5 exd5 7. cxd5 Nb4 8. a3 Nxd5 9. Bc4 Ngf6 10. O-O Be7 11. d4 O-O 12. dxc5 Bxc5 13. Qc2 Be6 14. Ng5 Qb6 15. Bxd5 Bxd5 16. Bxf6 g6 17. Bb2 f6 18. Ne4 Bd4 19. Ng3 Rfd8 20. Bxd4 Qxd4 21. Qc3 Qf4 22. Qe3 Qxe3 23. fxe3 Bxb3 24. Nc3 Rd3 25. Nce4 f5 26. Nc5 Rxe3 27. Nxb3 Rxb3 28. Rfb1 Rxb1+ 29. Rxb1 b5 30. Kf2 Rc8 31. Rb3 Rc2+ 32. Ne2 Kf7 33. Re3 Ra2 34. Kf3 g5 35. h3 h5 36. Kf2 f4 37. Rc3 a5 38. Rb3 Kf6 39. Rxb5 Rxa3 40. Nd4 Ra2+ 41. Kg1 a4 42. Ra5 Ra1+ 43. Kh2 Ra2 44. Ra6+ Kf7 45. Ne6 Ra3 46. Nxg5+ Ke7 47. Nf3 Kf7 48. Ne5+ Kg7 49. Rg6+ Kh7 50. Ra6 Ra2 51. Rf6 Re2 52. Nf3 a3 53. Rxf4 Kg6 54. Ra4 a2 55. Ra5 Rb2 56. Ne5+ Kf6 57. Nd3 Rd2 58. Nb4 1-0